 Dungeon Crawl Stone Soup version 0.24.0-13-gcf9b319 (webtiles) character file.

Game seed: 16817932558973087653, levelgen mode: deterministic

85 Merp the Sneak (level 4, -2/24 HPs)
             Began as a Kobold Enchanter on Feb 1, 2020.
             Slain by an orc
             ... wielding a +0 hand axe
              (3 damage)
             ... on level 2 of the Dungeon.
             The game lasted 00:09:26 (2471 turns).

Merp the Sneak (Kobold Enchanter)                   Turns: 2471, Time: 00:09:27

Health: -2/24      AC:  2    Str:  5    XL:     4   Next: 75%
Magic:  8/8        EV: 15    Int: 17    God:
Gold:   93         SH:  0    Dex: 15    Spells: 0/9 levels left

rFire    + . .     SeeInvis .   a - +1 dagger
rCold    + . .     Gourm    .   (shield restricted)
rNeg     . . .     Faith    .   b - +0 robe
rPois    +         Spirit   .   (no helmet)
rElec    +         Reflect  .   (no cloak)
rCorr    +         Harm     .   (no gloves)
MR       .....                  (no boots)
Stlth    +++.......             (no amulet)
HPRegen  0.08/turn              (no ring)
MPRegen  0.11/turn              (no ring)

@: resistant
A: small, carnivore
a: no special abilities


You were on level 2 of the Dungeon.
You were completely stuffed.

You visited 1 branch of the dungeon, and saw 2 of its levels.

You collected 93 gold pieces.

Inventory:

Hand Weapons
 a - a +1 dagger (weapon)
 h - a +0 short sword
Missiles
 i - 11 bolts
Armour
 b - a +0 robe (worn)
Jewellery
 n - an uncursed ring of ice
Scrolls
 f - a scroll of random uselessness {unknown}
 g - a scroll of enchant weapon {unknown}
 j - a scroll of identify {unknown}
 l - a scroll of magic mapping {unknown}
Potions
 k - a potion of curing
Comestibles
 d - 5 rations


   Skills:
 - Level 1.3 Short Blades
 - Level 2.4 Dodging
 + Level 5.3 Stealth
 + Level 3.2 Spellcasting
 + Level 3.8 Hexes


You couldn't memorise any spells.
You knew the following spells:

 Your Spells              Type           Power        Failure   Level  Hunger
a - Corona                Hex            ###....      3%          1    None
b - Ensorcelled Hibernat  Hex/Ice        #.....       12%         2    ##.....
c - Confuse               Hex            ###.....     11%         3    ###....
d - Tukima's Dance        Hex            ###.....     11%         3    ###....

Your spell library contained the following spells:

 Spells                   Type           Power        Failure   Level  Hunger
 Dazzling Spray           Conj/Hex       #.....       24%         3    ###....


Dungeon Overview and Level Annotations

Branches:
Dungeon (2/15)

Altars:
Yredelemnul


Innate Abilities, Weirdness & Mutations

You are small and have problems with some larger weapons.
You are carnivorous and can eat meat at any time.


Message History

The magic dart hits you!
An adder comes into view.
The orc wizard casts a spell.
The orc wizard seems to speed up.
The orc wizard casts a spell.
The orc wizard blinks!
Found a dagger.
It was a potion of resistance.
You feel protected. The orc misses you.
You hit the orc.
The orc is moderately wounded.
You barely miss the orc.
The orc is moderately wounded.
The orc hits you with a +0 hand axe!
* * * LOW HITPOINT WARNING * * *
You hit the orc but do no damage.
The orc is moderately wounded.
The orc hits you with a +0 hand axe.
You die...

#
#.............#########
# .......#.....###
.......#.....#
.......#...###
.....##....# ...
#....#####. #..........
#..o.#####
.........#..o@.#
.........#####....#
####.....# .).S..#
.......# .......
#..o....# .....#.
#(.o##### .....# #..o
.....# .....#


You could see an orc wizard, an adder (sleeping) and an orc.

Vanquished Creatures
  3 adders (D:2)
  An ooze (D:1)
  A dart slug (D:1)
  3 giant cockroaches
  4 goblins
  7 hobgoblins
  2 jackals (D:2)
  5 kobolds
  A quokka (D:2)
  A ball python (D:1)
  6 bats
  7 frilled lizards
  11 rats
52 creatures vanquished.

Notes
Turn   | Place    | Note
-------+----------+-------------------------------------------
     0 | D:1      | Merp the Kobold Enchanter began the quest for the Orb.
     0 | D:1      | Reached XP level 1. HP: 10/10 MP: 3/3
    56 | D:1      | Reached XP level 2. HP: 15/15 MP: 5/5
    81 | D:1      | Learned a level 2 spell: Ensorcelled Hibernation
   637 | D:1      | Reached XP level 3. HP: 19/19 MP: 1/6
   642 | D:1      | Learned a level 3 spell: Confuse
  1401 | D:1      | You fall into a shaft and drop 1 floor!
  1471 | D:2      | Reached XP level 4. HP: 20/24 MP: 1/8
  1583 | D:2      | Reached skill level 5 in Stealth
  1639 | D:2      | Found a basalt altar of Yredelemnul.
  1660 | D:2      | HP: 1/24 [something/puff of flame (9)]
  1782 | D:1      | Learned a level 3 spell: Tukima's Dance
  2470 | D:2      | HP: 1/24 [orc/+0 hand axe (8)]
  2471 | D:2      | Slain by an orc

Levels and vault maps discovered:
D:1:      lightli_arrival_chessboard, layout_loops_cross
D:2:      minmay_general_purpose_star, layout_basic, yredelemnul_altar_generic

Skill      XL: |  1  2  3  4 |
---------------+-------------+-----
Spellcasting   | 3 |  3.2
Stealth        | 5 |  5.3
Short Blades   | |  1.3
Dodging        | |  2.4
Hexes          | |  3.8

Action                   |  1- 3 |  4- 6 || total
-------------------------+-------+-------++-------
Melee: Dagger            |    93 |    71 ||   164
 Cast: Corona            |     7 |     1 ||     8
       Ensorcelled Hiber |    20 |    11 ||    31
       Confuse           |     1 |     1 ||     2
  Use: Potion            |     1 |     2 ||     3
       Scroll            |       |     1 ||     1
 Stab: Sleeping          |    20 |     9 ||    29
  Eat: Chunk             |    11 |     5 ||    16
Armor: Robe              |    14 |    15 ||    29
Dodge: Dodged            |    61 |    99 ||   160
